AoeStats
← Child of Light

Arena

509016127Analyzed
1v1 RM · 9d ago on Sep 25, 2026· 42m 5s· 2 players
Game mode
Random Map
Map size
Tiny (2 player)
Population
200
Speed
Normal
Resources
Standard
Victory
Conquest
Starting age
Dark Age
Ending age
Imperial Age
RankedLock teamsTeams togetherTeam positionsShared explorationLock speedFull tech treeHidden civsTurbo modeCheats
Victory
Defeat
🇧🇷 Muisca · Brazil
1003
+16
🇨🇦 Khmer · Canada
996
-16
Playforfun
11:27 Feudal Age
14:34 Castle Age
12:48 Double-Bit Axe
14:04 Gold Mining
14:34 Horse Collar
26:32 Bloodlines
26:54 Bow Saw
26:33 Loom
30:45 Wheelbarrow
32:55 Imperial Age
32:24 Scale Barding Armor
32:43 Sanctity
33:16 Forging
33:26 Hand Cart
33:59 Conscription
36:05 Chemistry
36:51 Cavalier
41:18 Elite Skirmisher
Child of Light
12:14 Feudal Age
13:51 Wheelbarrow
16:19 Castle Age
14:43 Double-Bit Axe
14:28 Champi Runner
15:29 Scale Mail Armor
15:21 Horse Collar
16:25 Gold Mining
16:52 Champi Warrior
18:09 Forging
24:35 Bow Saw
24:43 Loom
25:26 Hand Cart
25:16 Pikeman
28:00 Iron Casting
33:05 Imperial Age
31:37 Squires
31:33 Fletching
31:44 Padded Archer Armor
33:30 Masonry
33:46 Ballistics
34:17 Heavy Plow
34:33 Bodkin Arrow
34:54 Leather Archer Armor
34:49 Huaracas
36:47 Hoardings
36:34 Conscription
38:02 Bracer
39:18 Crossbowman
40:03 Thumb Ring
41:06 Chemistry
40:22 Arbalester
Connection lost

Rejoining the realm…

Still unreachable

The connection could not be restored.

Session expired

The server has moved on; the page needs a fresh start.